 Dungeon Crawl Stone Soup version 0.29.1-2-gbd0b4ee654 (webtiles) character file.

Game seed: 16880188786444336654

102 warriortoast the Digger (level 4, 0/24 HPs)
             Began as a Gargoyle Earth Elementalist on Nov 1, 2022.
             Slain by Grinder (3 damage)
             ... on level 3 of the Dungeon.
             The game lasted 00:03:55 (1865 turns).

warriortoast the Digger (GrEE)                      Turns: 1865, Time: 00:03:55

Health: 0/24       AC:  6    Str: 14    XL:     4   Next: 78%
Magic:  2/8        EV: 11    Int: 15    God:
Gold:   30         SH:  0    Dex: 10    Spells: 7/8 levels left

rFire   . . .      SeeInvis .   c - +1 dagger (drain)
rCold   . . .      Faith    .   (no shield)
rNeg    + . .      Spirit   .   a - +0 robe
rPois   ∞          Reflect  .   (no helmet)
rElec   +          Harm     .   e - +0 cloak
rCorr   .          Rampage  .   (no gloves)
Will    .....                   (no boots)
Stlth   ++........              (no amulet)
HPRegen 0.08/turn               (no ring)
MPRegen 0.11/turn               (no ring)

@: no status effects
A: sickness immunity, AC +3, negative energy resistance 1, electricity
resistance, torment resistance 1, petrification resistance
a: no special abilities


You were on level 3 of the Dungeon.
You visited 1 branch of the dungeon, and saw 3 of its levels.

You collected 30 gold pieces.

Inventory:

Hand Weapons
 c - a +1 dagger of draining (weapon)
Armour
 a - a +0 robe (worn)
 e - a +0 cloak (worn)
Scrolls
 f - a scroll of butterflies {unknown}
 h - 3 scrolls of identify {unknown}
 i - a scroll of enchant weapon {unknown}
Potions
 b - a potion of magic
 d - 2 potions of flight {unknown}
 g - 2 potions of heal wounds
 j - 2 potions of cancellation {unknown}
 k - a potion of brilliance {unknown}


   Skills:
 - Level 1.5 Dodging
 - Level 2.1 Stealth
 + Level 2.8 Spellcasting
 + Level 2.1 Conjurations
 + Level 1.8 Transmutations
 + Level 4.4 Earth Magic


You had 7 spell levels left.
You knew the following spells:

 Your Spells              Type           Power      Damage    Failure   Level
a - Sandblast             Erth           30%        2d9       3%          1

Your spell library contained the following spells:

 Spells                   Type           Power      Damage    Failure   Level
 Passwall                 Tmut/Erth      9%         N/A       9%          2
 Stone Arrow              Conj/Erth      22%        3d8       16%         3
 Blink                    Tloc           4%         N/A       30%         2
 Ensorcelled Hibernation  Hex/Ice        4%         N/A       30%         2
 Petrify                  Tmut/Erth      11%        N/A       50%         4
 Lesser Beckoning         Tloc           2%         N/A       52%         3
 Swiftness                Air            2%         N/A       52%         3
 Manifold Assault         Tloc           2%         N/A       99%         5


Dungeon Overview and Level Annotations

Branches:
Dungeon (3/15)

Altars:

Annotations:
D:3 Grinder


Innate Abilities, Weirdness & Mutations

You are immune to sickness and miasma.
Your stone body is resilient. (AC +3)
You are immune to poison.
You resist negative energy. (rN+)
You are resistant to electric shocks. (rElec)
You are resistant to unholy torment.
You are immune to petrification.


Message History

Found a spear.
A kobold comes into view. It is wielding a +0 whip.
The blast of sand hits the kobold!
You kill the kobold!
Grinder comes into view.
Grinder gestures at you. You resist with significant effort.
There is a stone staircase leading up here.
The blast of sand hits Grinder but does no damage.
The blast of sand hits Grinder.
Grinder is lightly wounded.
The blast of sand hits Grinder.
Grinder is lightly wounded.
Grinder closely misses you. Grinder hits you!
You writhe in agony.
The blast of sand hits Grinder!
Grinder is heavily wounded.
Grinder barely misses you.
The blast of sand hits Grinder!
Grinder is heavily wounded.
Grinder drinks a potion.
Grinder is healed!
Grinder hits you.
You writhe in agony.
You are too injured to fight recklessly!
Casting: Sandblast (safe; 3% risk of failure)
Confirm with . or Enter, or press ? or * to list all spells.
Aiming: Sandblast (safe; 3% risk of failure)
Press: ? - help, Shift-Dir - straight line, f/p - Grinder
Aim: Grinder (moderately wounded, 80% to hit)
The blast of sand misses Grinder.
Grinder hits you but does no damage.
Casting: Sandblast (safe; 3% risk of failure)
Confirm with . or Enter, or press ? or * to list all spells.
Aiming: Sandblast (safe; 3% risk of failure)
Press: ? - help, Shift-Dir - straight line, f/p - Grinder
Aim: Grinder (moderately wounded, 80% to hit)
The blast of sand hits Grinder.
Grinder is heavily wounded.
Grinder says, "Don't move a muscle."
Grinder hits you.
* * * LOW HITPOINT WARNING * * *
You writhe in agony.
You die...

#..# ##########
#..###...##...##
#........<.[..##
######...)........# ..
#.........)..#
#.###...........>#
#..###..........##
#.####...##...##
###########@.....########
#.........5....###
###.........###.##
............# #...
##..........######.#
..).............)..#
######..############
#...# #....#.#


You could see Grinder.

Vanquished Creatures
  Natasha (twice) (D:2)
  An adder (D:2)
  A shadow imp (D:3)
  An orc (D:3)
  A ball python (D:1)
  7 endoplasms
  A giant cockroach (D:1)
  3 goblins
  A hobgoblin (D:2)
  2 quokkas (D:1)
  5 bats
  2 frilled lizards (D:2)
  7 kobolds
  3 rats
37 creatures vanquished.

Notes
Turn   | Place    | Note
-------+----------+-------------------------------------------
     0 | D:1      | warriortoast the Gargoyle Earth Elementalist began the
                  | quest for the Orb.
     0 | D:1      | Reached XP level 1. HP: 10/10 MP: 3/3
   143 | D:1      | Reached skill level 1 in Transmutations
   181 | D:1      | Reached XP level 2. HP: 15/15 MP: 1/5
   562 | D:1      | Reached skill level 1 in Conjurations
   648 | D:1      | You fall into a shaft and drop 1 floor!
   772 | D:1      | Found a faded altar of an unknown god.
   997 | D:2      | Noticed Natasha
  1001 | D:2      | Killed Natasha
  1002 | D:2      | Reached skill level 4 in Earth Magic
  1002 | D:2      | Reached XP level 3. HP: 11/19 MP: 1/6
  1300 | D:2      | Noticed Natasha
  1308 | D:2      | Killed Natasha
  1309 | D:2      | Reached XP level 4. HP: 18/24 MP: 1/8
  1835 | D:3      | Noticed Grinder
  1865 | D:3      | Slain by Grinder

Illustrated notes

Levels and vault maps discovered:
D:1:      lemuel_arrival_hallway, layout_basic, basic_ecumenical_altar
D:2:      layout_basic, uniq_natasha
D:3:      layout_rooms, cheibrodos_ashenzari_chains, serial_shops, shop,
          uniq_grinder, uniq_ijyb

Skill      XL: |  1  2  3  4 |
---------------+-------------+-----
Transmutations | 1 |  1.8
Conjurations   | 1 2 |  2.1
Earth Magic    | 4 |  4.4
Dodging        | |  1.5
Stealth        | |  2.1
Spellcasting   | |  2.8

Action                   |  1- 3 |  4- 6 || total
-------------------------+-------+-------++-------
Melee: Unarmed           |     1 |       ||     1
 Cast: Sandblast         |    38 |    20 ||    58
Armor: Robe              |     3 |     1 ||     4
Dodge: Dodged            |     4 |     3 ||     7
